Map: Ascension to Aiur LE

Players

BackupC (Dolan) - Winner!

  • Race: Terran Terran
  • Spawn Location: 11:00

Mackintac

  • Race: Zerg Zerg
  • Spawn Location: 5:00

Event: WCS Montreal 2017

VOD

Have the link to the VOD?

Description

Time

  • Played on: Sept. 8, 2017, 12:24 p.m.
  • Length: 13:47

All games in this series

Show
View Real Time Build Order
Export as new Build Order

BackupC Terran - Winner!

Build Orders: Gas First Reaper Expand, Hellion Opening, Reaper Expand, Mech 

Get SALT Encoding   

  12  0:00  SCV  
  13  0:13  SCV  
  14  0:17  Supply Depot  
  14  0:25  SCV  
  14  0:28  Refinery  
  15  0:38  SCV  
  16  0:44  Barracks  
  16  0:50  SCV  
  17  1:02  SCV  
  18  1:15  SCV  
  19  1:33  Orbital Command, Reaper  
  20  1:45  Command Center  
  20  1:59  SCV  
  20  2:00  Factory  
  21  2:05  Barracks Reactor  
  21  2:11  SCV  
  21  2:14  Supply Depot  
  22  2:18  Refinery  
  22  2:24  SCV  
  23  2:36  SCV  
  24  2:51  SCV  
  24  2:52  Armory  
  24  2:56  Hellion x2  
  29  2:58  Orbital Command  
  29  2:59  Marine  
  29  3:03  SCV  
  31  3:17  Hellion x2  
  35  3:23  Barracks Reactor  
  35  3:24  Factory  
  35  3:28  SCV  
  35  3:29  SCV  
  37  3:39  Terran Vehicle Weapons Level 1  
  37  3:41  Supply Depot  
  37  3:45  Hellion  
  37  3:46  Hellion  
  41  3:58  SCV x2  
  43  4:05  Supply Depot  
  43  4:06  Cyclone  
  43  4:07  Cyclone  
  49  4:16  SCV x2  
  51  4:26  Hellion  
  51  4:27  Hellion  
  51  4:28  Supply Depot  
  55  4:32  SCV x2  
  57  4:44  SCV x2  
  59  4:48  Cyclone x2  
  65  4:57  SCV x2  
  67  5:04  Command Center  
  67  5:11  Refinery  
  67  5:12  Refinery  
  67  5:13  Hellion  
  67  5:14  Hellion  
  71  5:19  Supply Depot  
  71  5:24  SCV x2  
  73  5:30  Engineering Bay  
  73  5:36  SCV x2  
  73  5:38  Hellion  
  73  5:41  Hellion  
  78  5:45  Command Center  
  81  5:50  Cyclone x2  
  84  6:10  Cyclone x2, Terran Vehicle Weapons Level 2  
  84  6:13  SCV x2  
  80  6:27  SCV x2  
  80  6:28  Hellion  
  80  6:29  Hellion  
  84  6:39  SCV x2  
  74  6:42  Factory x2  
  74  6:43  Factory  
  71  6:49  Hellion x2  
  71  6:51  SCV x2  
  75  7:03  SCV x2  
  75  7:04  Supply Depot  
  75  7:05  Hellion x2  
  81  7:15  Cyclone x2, SCV x2  
  89  7:22  Orbital Command  
  89  7:27  Factory Tech Lab x3  
  89  7:30  SCV x2  
  89  7:31  Refinery  
  89  7:33  Sensor Tower  
  89  7:35  Refinery  
  91  7:42  SCV x2  
  93  7:52  Siege Tank x2  
  93  7:53  Siege Tank  
  93  7:56  SCV x3  
  105  7:59  Hellion  
  105  8:00  Hellion  
  109  8:06  Hellion x2  
  109  8:08  Supply Depot  
  109  8:09  SCV x2  
  109  8:10  SCV  
  109  8:12  Infernal Pre-Igniter  
  116  8:27  SCV  
  116  8:29  Siege Tank x2, SCV x2  
  125  8:43  Siege Tank, Hellion x2  
  132  8:52  Supply Depot  
  132  8:53  Supply Depot, Hellion  
  132  8:54  Supply Depot  
  132  8:55  Supply Depot, Hellion  
  132  8:57  Supply Depot  
  132  9:08  Terran Vehicle Weapons Level 3  
  132  9:09  Siege Tank x2  
  138  9:15  Siege Tank  
  135  9:31  Hellion x4  
  113  9:40  SCV x3  
  113  9:41  Siege Tank x2  
  119  9:47  Siege Tank  
  119  9:51  Factory x2  
  119  9:52  SCV  
  123  9:54  Starport  
  123  10:03  Barracks Reactor  
  127  10:07  Hellion x2  
  127  10:08  Hellion  
  127  10:09  Hellion  
  127  10:13  Siege Tank  
  134  10:21  Command Center  
  134  10:28  Siege Tank x2  
  132  10:34  Cyclone, Hellion x2  
  133  10:35  Cyclone  
  133  10:37  Factory Tech Lab  
  133  10:38  Factory Reactor  
  122  10:53  Siege Tank  
  122  10:54  Viking x2  
  129  11:01  Hellion x2  
  133  11:07  Siege Tank  
  133  11:11  Hellion x2  
  140  11:26  Viking x2  
  144  11:34  Cyclone  
  144  11:35  Hellion  
  144  11:36  Siege Tank  
  152  11:45  Terran Vehicle And Ship Armor Level 1  
  152  11:50  Thor  
  152  11:51  Hellion x3  
  152  11:53  Siege Tank  
  167  12:11  Liberator x2, Hellion  
  167  12:12  Hellion x2  
  173  12:16  Refinery  
  173  12:17  Refinery  
  173  12:18  Planetary Fortress  
  173  12:19  Sensor Tower  
  173  12:29  Hellion  
  181  12:32  Siege Tank  
  184  12:59  Siege Tank, Thor  
  184  13:00  Hellion  
  184  13:02  Hellion x2  
  194  13:10  Hellion  
  196  13:24  Hellion  
  196  13:26  Hellion  
Show
View Real Time Build Order
Export as new Build Order

Mackintac Zerg 

Build Orders: Hatch First 

Get SALT Encoding   

  12  0:00  Drone  
  13  0:12  Overlord  
  13  0:17  Drone  
  14  0:30  Drone  
  14  0:31  Drone  
  14  0:35  Drone  
  17  0:51  Hatchery  
  17  0:55  Drone  
  17  0:57  Extractor  
  17  0:59  Drone  
  17  1:13  Spawning Pool  
  17  1:16  Drone  
  17  1:22  Drone  
  18  1:28  Drone  
  19  1:42  Overlord  
  19  2:00  Zergling x4  
  19  2:01  Queen  
  23  2:02  Metabolic Boost  
  23  2:06  Queen  
  25  2:11  Drone  
  25  2:14  Drone  
  27  2:16  Drone  
  27  2:22  Drone  
  29  2:29  Drone  
  30  2:35  Drone, Roach Warren  
  30  2:44  Drone x2  
  31  2:49  Queen  
  33  2:57  Overlord  
  33  2:59  Drone x2  
  35  3:14  Queen  
  35  3:18  Drone x4  
  41  3:29  Queen  
  41  3:32  Overlord  
  43  3:40  Hatchery  
  42  3:43  Drone  
  43  3:57  Queen  
  43  4:00  Roach x3  
  43  4:02  Zergling x2  
  52  4:04  Overlord  
  52  4:12  Overlord  
  52  4:22  Queen  
  54  4:34  Lair  
  54  4:38  Drone x6  
  58  4:39  Evolution Chamber  
  58  4:41  Extractor  
  58  4:42  Evolution Chamber  
  58  4:44  Overlord  
  58  4:45  Drone x3  
  60  4:57  Overlord  
  60  4:58  Overlord  
  60  4:59  Extractor, Drone x2  
  62  5:00  Drone  
  62  5:11  Zerg Ground Armor Level 1, Zerg Missile Weapons Level 1  
  62  5:21  Overlord  
  62  5:25  Overlord  
  62  5:27  Drone  
  63  5:30  Roach x6  
  63  5:33  Drone x2  
  63  5:34  Drone  
  78  5:39  Glial Reconstitution  
  78  5:48  Roach x3  
  78  5:49  Roach x2  
  88  5:52  Overlord  
  81  6:09  Roach x3  
  81  6:10  Roach x4  
  87  6:14  Overlord  
  77  6:27  Roach x2  
  77  6:37  Drone  
  77  6:38  Drone x3  
  53  6:49  Drone x2  
  55  7:00  Drone x4  
  55  7:01  Drone  
  60  7:02  Hatchery  
  59  7:14  Drone x2  
  61  7:21  Zerg Ground Armor Level 2, Zerg Missile Weapons Level 2  
  61  7:36  Roach x7  
  74  7:41  Roach  
  76  7:47  Roach x2  
  76  7:48  Roach x2  
  84  7:56  Roach  
  84  7:57  Roach x3  
  92  8:00  Overlord  
  92  8:07  Overlord  
  92  8:08  Roach  
  94  8:21  Roach x6  
  94  8:26  Extractor, Drone  
  105  8:42  Overlord  
  105  8:43  Roach x6  
  117  9:01  Roach x7  
  131  9:05  Overlord  
  131  9:13  Roach x3  
  138  9:17  Ravager  
  94  9:35  Roach  
  94  9:36  Roach x7  
  90  9:45  Ravager  
  91  9:46  Ravager  
  91  9:49  Zergling x12  
  98  9:55  Zergling x8  
  98  9:59  Ravager  
  103  10:01  Ravager  
  103  10:04  Zergling x6  
  107  10:11  Zergling x4  
  107  10:12  Zergling x6  
  107  10:14  Ravager  
  113  10:15  Ravager  
  91  10:32  Roach x3  
  91  10:34  Ravager  
  80  10:35  Roach  
  80  10:36  Zergling x10  
  83  10:48  Zergling x2  
  83  10:49  Zergling x16  
  79  10:52  Ravager  
  79  10:55  Drone  
  79  10:56  Drone x2  
  82  11:03  Drone  
  83  11:09  Drone x7  
  83  11:10  Drone  
  91  11:28  Roach x3  
  91  11:32  Extractor  
  96  11:37  Zerg Melee Weapons Level 1, Infestation Pit  
  89  11:50  Extractor  
  89  11:51  Hydralisk Den  
  87  12:01  Queen  
  87  12:02  Drone, Hatchery  
  87  12:03  Drone x2  
  87  12:05  Drone x3  
  87  12:06  Extractor, Drone  
  94  12:09  Extractor  
  94  12:13  Hive  
  92  12:22  Muscular Augments, Hydralisk x4  
  92  12:28  Ravager  
  92  12:29  Ravager x5  
  106  12:30  Hydralisk  
  106  12:35  Hydralisk  
  102  12:54  Hydralisk x5  
  104  13:10  Hydralisk x4  
  106  13:35  Hatchery  
Tags
 
Add a new tag
Caveats
  • Supply blocks, unpowered buildings, or Contaminate may cause inaccurate times.
  • Supply counts are checked every 10 seconds.